 Dungeon Crawl Stone Soup version 0.28-a0-1147-gc7b72d3202 (webtiles) character file.

Game seed: 18307929707520094473

997 Fortus the Cudgeller (level 8, -1/78 HPs)
             Began as an Ogre Fighter on Dec 14, 2021.
             Was an Initiate of the Shining One.
             Slain by an adder (3 damage)
             ... on level 5 of the Dungeon.
             The game lasted 00:12:10 (7629 turns).

Fortus the Cudgeller (Ogre Fighter)                 Turns: 7629, Time: 00:12:11

Health: -1/78      AC:  4    Str: 23    XL:     8   Next: 19%
Magic:  8/8        EV: 10    Int:  9    God:    the Shining One [......]
Gold:   231        SH:  0    Dex:  8    Spells: 7/7 levels left

rFire   . . .      SeeInvis .   x - +0 giant spiked club
rCold   . . .      Faith    .   (shield currently unavailable)
rNeg    . . .      Spirit   .   b - +0 robe
rPois   .          Reflect  .   (helmet restricted)
rElec   .          Harm     .   m - +0 cloak
rCorr   .          Rampage  .   (gloves unavailable)
Will    .....                   (boots unavailable)
Stlth   +.........              (no amulet)
HPRegen 0.23/turn               (no ring)
MPRegen 0.11/turn               (no ring)

@: lethally poisoned (-1 -> -4), glowing
A: large, unfitting armour, tough skin 1
a: Renounce Religion


You were on level 5 of the Dungeon.
You worshipped the Shining One.
The Shining One was noncommittal.
You visited 2 branches of the dungeon, and saw 7 of its levels.

You collected 231 gold pieces.

Inventory:

Hand Weapons
 a - a +0 flail
 x - a +0 giant spiked club (weapon)
Armour
 b - a +0 robe (worn)
 c - a +0 kite shield
 m - a +0 cloak (worn)
Jewellery
 e - an amulet of regeneration
 t - a +6 ring of strength
Wands
 r - a wand of iceblast (10)
 v - a wand of acid (9)
Scrolls
 f - a scroll of fear {unknown}
 h - 2 scrolls of fog {unknown}
 l - 2 scrolls of blinking {unknown}
 n - a scroll of amnesia {unknown}
 p - a scroll of silence {unknown}
 q - a scroll of magic mapping {unknown}
 s - 3 scrolls of identify {unknown}
 w - a scroll of teleportation {unknown}
Potions
 d - 3 potions of might
 g - 2 potions of mutation {unknown}
 j - 3 potions of attraction {unknown}
 k - a potion of degeneration {unknown}
 o - a potion of invisibility {unknown}


   Skills:
 + Level 4.0 Fighting
 * Level 7.1 Maces & Flails
 - Level 2.6 Dodging
 - Level 5.5 Shields


You had 7 spell levels left.
You didn't know any spells.
Your spell library contained the following spells:

 Spells                   Type           Power      Damage    Failure   Level
 Shock                    Conj/Air       0%         1d3       38%         1
 Swiftness                Air            0%         N/A       77%         3
 Airstrike                Air            0%         N/A       99%         4


Dungeon Overview and Level Annotations

Branches:
Dungeon (6/15)             Temple (1/1) D:5

Altars:
Ashenzari
Cheibriados
Dithmenos
Elyvilon
Fedhas
Gozag
Hepliaklqana
Kikubaaqudgha
Makhleb
Okawaru
Qazlal
Ru
Sif Muna
Trog
Uskayaw
Vehumet
Wu Jian
Xom
Yredelemnul
Zin
The Shining One

Shops:
D:1 (   D:5 (

Annotations:
D:2 1 runed translucent door, Crazy Yiuf
D:6 Pikel


Innate Abilities, Weirdness & Mutations

You are too large for most types of armour.
You have tough skin. (AC +1)


Message History

You feel sick. The adder misses you.
You feel sick.
You feel sick.
You feel sick. The adder bites you but does no damage.
You feel sick.
You are no longer poisoned.
The adder closely misses you.
You miss the adder.
The adder is lightly wounded.
The adder bites you but does no damage. x2
You closely miss the adder.
The adder is lightly wounded.
The adder bites you but does no damage.
You miss the adder.
The adder is lightly wounded.
The adder bites you.
* * * LOW HITPOINT WARNING * * *
You are poisoned.
The adder poisons you! The adder bites you but does no damage.
You closely miss the adder.
The adder is lightly wounded.
You feel sick. The adder barely misses you. The adder bites you.
* * * LOW HITPOINT WARNING * * *
You are lethally poisoned!
The adder poisons you!
You closely miss the adder.
The adder is lightly wounded.
* * * LOW HITPOINT WARNING * * *
You feel very sick. The adder bites you but does no damage.
The adder misses you.
You closely miss the adder.
The adder is lightly wounded.
* * * LOW HITPOINT WARNING * * *
You feel sick. The adder closely misses you. The adder bites you.
* * * LOW HITPOINT WARNING * * *
You barely miss the adder.
The adder is lightly wounded.
* * * LOW HITPOINT WARNING * * *
You feel sick. The adder bites you.
You die...

#.#############.###
#.# #........(....#
#.# #.#.......#...#
#.###.#..#..>......
#.#.#.#..#.#...##.#
#.#.#.#....#....#.#
#.#.............#.#
#.##.........#.....
#.@So...........#.#
#####.######.#..#.#
#.# #.#..#.# #.#
#.#..#.#
#.######.#..#.#
#.#.........#.#
#.#.###....##.#
####.#............
#....#####........


You could see an adder and an orc.

Vanquished Creatures
  Sigmund (D:3)
  A black bear (D:4)
  A necrophage (D:5)
  An ogre (D:5)
  A jelly (D:5)
  A gnoll shaman (D:2)
  2 hounds (D:5)
  Jessica (D:3)
  2 iguanas
  Ijyb (D:3)
  Natasha (thrice) (D:2)
  Terence (D:3)
  A hound skeleton (D:5)
  11 gnolls
  5 adders
  A river rat (D:3)
  A white imp (D:5)
  An ufetubus (D:4)
  4 worms
  6 orcs
  4 bats
  7 endoplasms
  3 giant cockroaches
  11 goblins
  7 hobgoblins
  5 quokkas
  4 ball pythons (D:2)
  5 frilled lizards
  7 rats
99 creatures vanquished.

Notes
Turn   | Place    | Note
-------+----------+-------------------------------------------
     0 | D:1      | Fortus the Ogre Fighter began the quest for the Orb.
     0 | D:1      | Reached XP level 1. HP: 24/24 MP: 1/1
   116 | D:1      | Reached skill level 2 in Maces & Flails
   161 | D:1      | Found Ocsekhlof's Antique Weapon Boutique.
   301 | D:1      | Reached XP level 2. HP: 29/32 MP: 2/2
   651 | D:1      | Found a faded altar of an unknown god.
   877 | D:2      | Found a hide-covered altar of Uskayaw.
  1268 | D:2      | Reached XP level 3. HP: 32/39 MP: 3/3
  1335 | D:2      | Found a runed translucent door.
  1336 | D:2      | Noticed Crazy Yiuf
  1556 | D:2      | Noticed Natasha
  1567 | D:2      | Killed Natasha
  1568 | D:2      | Reached skill level 3 in Maces & Flails
  1824 | D:2      | Noticed Natasha
  1835 | D:2      | Killed Natasha
  1836 | D:2      | Reached XP level 4. HP: 14/48 MP: 4/4
  2330 | D:2      | Noticed Natasha
  2337 | D:2      | Killed Natasha
  2338 | D:2      | Reached XP level 5. HP: 37/54 MP: 5/5
  2646 | D:3      | Noticed Sigmund
  2666 | D:3      | Noticed Terence
  2671 | D:3      | Reached skill level 4 in Maces & Flails
  2683 | D:3      | Killed Terence
  2978 | D:3      | HP: 1/54 [gnoll shaman (10)]
  3313 | D:3      | Noticed Jessica
  3320 | D:3      | Killed Jessica
  3356 | D:3      | Reached XP level 6. HP: 56/62 MP: 6/6
  3708 | D:3      | Killed Sigmund
  3709 | D:3      | Reached skill level 5 in Maces & Flails
  4184 | D:3      | Noticed Ijyb
  4202 | D:3      | Killed Ijyb
  4203 | D:3      | Reached XP level 7. HP: 54/70 MP: 7/7
  5014 | D:4      | Reached skill level 6 in Maces & Flails
  5845 | D:5      | Entered Level 5 of the Dungeon
  5904 | D:5      | Reached skill level 5 in Shields
  6337 | D:5      | Found a staircase to the Ecumenical Temple.
  6363 | Temple   | Entered the Ecumenical Temple
  6448 | Temple   | Became a worshipper of the Shining One
  6960 | D:5      | Reached XP level 8. HP: 72/78 MP: 8/8
  7006 | D:5      | Found Nugoixa's Weapon Emporium.
  7354 | D:5      | Reached skill level 7 in Maces & Flails
  7567 | D:6      | Noticed Pikel
  7629 | D:5      | HP: 2/78 [poisoned by an adder]
  7629 | D:5      | Slain by an adder

Illustrated notes

Levels and vault maps discovered:
D:1:      sevenhm_arrival_forest_fort_small_4, layout_loops_ring,
          basic_ecumenical_altar, serial_shops, shop
D:2:      layout_loops_ring, basic_altar, amethyst_killhole, uniq_natasha,
          uniq_crazy_yiuf_cottage
D:3:      minmay_door_path, layout_rooms, lightli_sewer_entry_pipes,
          uniq_terence, uniq_jessica, uniq_sigmund, uniq_ijyb
D:4:      layout_basic
D:5:      layout_basic, minmay_temple_entry_slanted, serial_shops,
          kennysheep_little_box, nrook_pool_corridor, grunt_decor_clamped,
          kennysheep_generic_room_14
D:6:      layout_rooms, fountainhead, uniq_pikel
Temple:   minmay_crystal_snake_temple

Skill      XL: |  1  2  3  4  5  6  7  8 |
---------------+-------------------------+-----
Maces & Flails | 2 3 4 5 6 7 |  7.1
Shields        | 3 4 5 |  5.5
Fighting       | |  4.0
Dodging        | |  2.6

Action                   |  1- 3 |  4- 6 |  7- 9 || total
-------------------------+-------+-------+-------++-------
Melee: Flail             |   111 |   180 |   209 ||   500
       Giant spiked club |       |       |    45 ||    45
Throw: Throwing net      |       |       |     4 ||     4
  Use: Potion            |       |       |     4 ||     4
 Stab: Sleeping          |       |     1 |       ||     1
Armor: Robe              |    27 |    56 |    92 ||   175
Dodge: Dodged            |    39 |    83 |   136 ||   258
Block: Kite shield       |    32 |    81 |    92 ||   205

Table legend: (Time is in decaauts)
 A = Elapsed time spent in this place.
 B = Non-inter-level travel time spent in this place.
 C = Inter-level travel time spent in this place.
 D = Time resting spent in this place.
 E = Time spent auto-exploring this place.
 F = Levels seen in this place.
 G = Mean time per level.
                   A        B        C        D        E       F      G
               +--------+--------+--------+--------+--------+-----+--------+
         Total |   7878 |   7561 |    317 |   2046 |   4217 |   7 | 1125.4 |
       Dungeon |   7607 |   7326 |    281 |   2046 |   4009 |   6 | 1267.8 |
        Temple |    270 |    234 |     36 |      0 |    208 |   1 |  270.0 |
               +--------+--------+--------+--------+--------+-----+--------+

Top non-repeatable levels by time:
     D:2: 2201 daAuts
     D:4: 1580 daAuts
     D:3: 1428 daAuts
     D:5: 1224 daAuts
     D:1: 1158 daAuts
  Temple: 270 daAuts
     D:6: 13 daAuts
